 Dungeon Crawl Stone Soup version 0.14-a0-1811-gdc2d5af (webtiles) character file.

141 4tharraofdagon the Firebug (level 3, -6/26 HPs)
             Began as a Demigod Fire Elementalist on Jan 8, 2014.
             Shot with an arrow by a centaur (13 damage)
             ... on Level 6 of the Dungeon.
             The game lasted 00:03:16 (659 turns).

4tharraofdagon the Firebug (DgFE)                    Turns: 659, Time: 00:03:16

HP  -6/26        AC  2     Str 12      XL: 3   Next: 52%
MP   5/8         EV 12     Int 20      God:
Gold 83          SH  0     Dex 16      Spells:  2 memorised,  2 levels left

rFire  . . .     SeeInvis .     h - +1,+3 orc dagger
rCold  . . .     Clarity  .     a - +0 robe
rNeg   . . .     Conserve .     (no shield)
rPois  .         rCorr    .     (no helmet)
rElec  .         rRot     .     (no cloak)
SustAb . .       Spirit   .     (no gloves)
rMut   .         Warding  .     (no boots)
Saprov . . .     Stasis   .     (no amulet)
                                (no ring)
                                (no ring)

@: slightly resistant to hostile enchantments, fairly stealthy
A: no striking features
a: no special abilities


You were on level 6 of the Dungeon.
You were not hungry.

You visited 1 branch of the dungeon, and saw 7 of its levels.

You collected 83 gold pieces.

Inventory:

Hand weapons
 h - a +1,+3 orcish dagger (weapon)
Armour
 a - a +0 robe (worn)
Comestibles
 c - 2 bread rations
Scrolls
 d - 2 scrolls of recharging {unknown}
 e - 2 scrolls of identify
 f - 2 scrolls of remove curse {unknown}
 i - a scroll of immolation {unknown}
 k - a scroll of blinking {unknown}
 l - a scroll of enchant weapon II {unknown}
Potions
 g - a potion of flight {unknown}
 j - a potion of paralysis {unknown}
Books
 b - a book of Flames

   Spells                             Type                      Level
   *Flame Tongue                      Conjuration/Fire             1
   Throw Flame                        Conjuration/Fire             2
   *Conjure Flame                     Conjuration/Fire             3
   Inner Flame                        Hexes/Fire                   3
   Sticky Flame                       Conjuration/Fire             4
   Fireball                           Conjuration/Fire             5


   Skills:
 - Level 1.7 Dodging
 - Level 1.7 Stealth
 + Level 2.3 Spellcasting
 * Level 1.9 Conjurations
 * Level 3.4 Fire Magic


You had 2 spell levels left.
You knew the following spells:

 Your Spells              Type           Power        Failure   Level  Hunger
a - Flame Tongue          Conj/Fire      ##...        6%          1    #......
b - Conjure Flame         Conj/Fire      ##......     17%         3    ###....


Dungeon Overview and Level Annotations

Branches:
Dungeon (7/16)
 Temple: D:4-7


Message History

Your magical contamination has completely faded away.
There is a stone staircase leading down here.
You climb downwards.
An adder and 2 orc wizards come into view.
The orc wizard shouts!
Found three items.
Found two stone staircases leading up.
There is a stone staircase leading up here.
The orc wizard shouts!
The orc wizard gestures at you while chanting.
The magic dart hits you!
There is a stone staircase leading up here.
The orc wizard points at you and mumbles some strange words.
The puff of frost hits you!
* * * LOW HITPOINT WARNING * * *
You climb upwards.
A kobold, an orc priest, an orc wizard and a centaur come into view.
The kobold shouts!
The centaur shouts!
The centaur wields a bow.
The centaur shoots an arrow.
The arrow hits you!
Ouch! That really hurt!
You die...

#########.#
#.@........
#.#...o.%..
#. c#####o
#K .# ####
#. .# ...#
#. .# .#[#
#. .# #..#
#. .#
##.### . .


You could see a centaur, an orc priest, an orc wizard and a kobold.

Vanquished Creatures
  An orc wizard (D:5)
  An ogre zombie (D:5)
  2 orcs (D:5)
  2 bats
  4 goblins
  2 quokkas (D:3)
  A giant newt (D:1)
  2 rats
15 creatures vanquished.

Notes
Turn   | Place    | Note
--------------------------------------------------------------
     0 | D:1      | 4tharraofdagon, the Demigod Fire Elementalist, began the quest for the Orb.
     0 | D:1      | Reached XP level 1. HP: 14/14 MP: 3/3
   210 | D:2      | Reached skill level 1 in Conjurations
   295 | D:4      | Reached skill level 3 in Fire Magic
   295 | D:4      | Reached XP level 2. HP: 20/20 MP: 5/5
   325 | D:4      | Found a shattered altar of Ashenzari.
   330 | D:4      | Saw a vision of the Shoals and the Spider Nest.
   330 | D:4      | Noticed a merfolk
   330 | D:4      | Noticed a hippogriff
   330 | D:4      | Noticed a sea snake
   330 | D:4      | Noticed a yellow wasp
   330 | D:4      | Noticed a yellow wasp
   330 | D:4      | Noticed a hippogriff
   368 | D:5      | Entered Level 5 of the Dungeon
   373 | D:5      | Found a blossoming altar of Fedhas.
   485 | D:5      | Reached XP level 3. HP: 18/26 MP: 0/8
   490 | D:5      | Learned a level 3 spell: Conjure Flame
   609 | D:6      | Noticed an ogre
   659 | D:6      | Noticed a centaur
   659 | D:6      | Shot with an arrow by a centaur

Action                   || total
-------------------------++-------
Melee: Dagger            ||    11
       Unarmed           ||     4
 Cast: Flame Tongue      ||    26
       Conjure Flame     ||     1
  Use: Scroll            ||     2
       Potion            ||     1
